 Dungeon Crawl Stone Soup version 0.29-a0-118-g06d03a830b (webtiles) character file.

Game seed: 15263104043065946828

247 Cthan the Skirmisher (level 5, 0/50 HPs)
             Began as a Minotaur Fighter on Feb 19, 2022.
             Succumbed to Crazy Yiuf's poison
             ... on level 2 of the Dungeon.
             The game lasted 00:08:30 (2158 turns).

Cthan the Skirmisher (Minotaur Fighter)             Turns: 2158, Time: 00:08:30

Health: 0/50       AC:  8    Str: 19 (22) XL:     5   Next: 85%
Magic:  4/4        EV: 10    Int:  3 (5)  God:
Gold:   92         SH:  9    Dex:  8 (10) Spells: 4/4 levels left

rFire   . . .      SeeInvis .   a - +0 war axe
rCold   . . .      Faith    .   c - +0 buckler
rNeg    . . .      Spirit   .   b - +0 scale mail
rPois   +          Reflect  +   (helmet restricted)
rElec   .          Harm     .   (no cloak)
rCorr   .          Rampage  .   w - +0 pair of gloves
Will    .....                   (no boots)
Stlth   ..........              u - amulet of reflection
HPRegen 0.16/turn               (no ring)
MPRegen 0.09/turn               (no ring)

@: lethally poisoned (0 -> -4), flying
A: horns 2, retaliatory headbutt, poison resistance
a: no special abilities


You were on level 2 of the Dungeon.
You visited 1 branch of the dungeon, and saw 2 of its levels.

You collected 92 gold pieces.

Inventory:

Hand Weapons
 a - a +0 war axe (weapon)
 g - a +1 antimagic falchion
 z - a +2 scythe of flaming
Missiles
 f - 15 sling bullets
 h - 48 arrows
 i - 4 javelins (quivered)
 o - 2 boomerangs
 r - 22 stones
 s - 14 bolts
 y - 4 poisoned darts
Armour
 b - a +0 scale mail (worn)
 c - a +0 buckler (worn)
 w - a +0 pair of gloves (worn)
Jewellery
 m - a ring of magical power
 u - an amulet of reflection (around neck)
Scrolls
 e - a scroll of enchant weapon {unknown}
 j - 2 scrolls of identify {unknown}
 k - a scroll of fear {unknown}
 n - a scroll of amnesia {unknown}
 p - a scroll of blinking {unknown}
 q - a scroll of teleportation {unknown}
 t - a scroll of fog {unknown}
Potions
 d - 2 potions of might
 l - a potion of mutation


   Skills:
 + Level 6.2 Fighting
 - Level 3.0 Axes
 - Level 3.6 Armour
 - Level 3.0 Dodging
 - Level 1.6 Stealth
 + Level 3.8 Shields


You had 4 spell levels left.
You didn't know any spells.
Your spell library contained the following spells:

 Spells                   Type           Power      Damage    Failure   Level
 Summon Small Mammal      Summ           0%         N/A       93%         1
 Call Canine Familiar     Summ           0%         N/A       100%        3
 Summon Guardian Golem    Hex/Summ       0%         N/A       100%        3
 Conjure Ball Lightning   Conj/Air       0%         3x3d6     100%        6
 Discord                  Hex            0%         N/A       100%        8
 Disjunction              Tloc           0%         N/A       100%        8


Dungeon Overview and Level Annotations

Branches:
Dungeon (2/15)

Altars:


Innate Abilities, Weirdness & Mutations

You have a pair of horns on your head.
You reflexively headbutt those who attack you in melee.
Your system is resistant to poisons. (rPois)


Message History

You open the door. You slash Crazy Yiuf!
Crazy Yiuf is heavily wounded.
Crazy Yiuf hits you with a +2 quarterstaff of chaos!
Crazy Yiuf freezes you.
You barely miss Crazy Yiuf.
Crazy Yiuf is heavily wounded.
Crazy Yiuf drinks a potion.
Crazy Yiuf suddenly seems more resistant.
You closely miss Crazy Yiuf. You headbutt Crazy Yiuf.
Crazy Yiuf is heavily wounded.
Crazy Yiuf hits you with a +2 quarterstaff of chaos.
You are poisoned.
Crazy Yiuf hits you with a +2 quarterstaff of chaos!
Crazy Yiuf freezes you.
You slash Crazy Yiuf!
Crazy Yiuf is almost dead.
You feel very sick.
Crazy Yiuf hits you with a +2 quarterstaff of chaos!
* * * LOW HITPOINT WARNING * * *
You feel drained.
* * * LOW HITPOINT WARNING * * *
You slash Crazy Yiuf!
You kill Crazy Yiuf!
* * * LOW HITPOINT WARNING * * *
You feel very sick.
Your life force feels restored.
It was a potion of mutation.
You feel extremely strange.
You feel resistant to poisons.
* * * LOW HITPOINT WARNING * * *
You feel sick.
It was a potion of flight.
You feel very buoyant.
You fly up into the air.
* * * LOW HITPOINT WARNING * * *
You feel sick.
It was a potion of degeneration.
There was something very wrong with that liquid.
You feel weakened.
You feel dopey.
You feel clumsy.
You die...

##....####
##...#### ##
#....#
#.....# .#
♣P.PP♣
##...## .#
♣.PP♣♣ ##.##
.# ♣♣.♣♣ #.#
.# ♣.♣♣ #.#
.# ♣♣.♣
##'##
.#######
♣.♣♣ ##...##
.......#
♣♣@♣
##.....##
###.##.# #)#
##.......##
##...#.#####
...
#.........#
...........#
#...#
+.........[
##.....##.##
#..)#
#.........#
##.#..##.#
#####
##.......##
###.#.#.#
##.....##
#..##.#
##.).##
#..##.#
##'##


There were no monsters in sight!

Vanquished Creatures
  Sigmund (D:2)
  Crazy Yiuf (D:2)
  An adder (D:2)
  A worm (D:2)
  A dart slug (D:1)
  6 bats
  9 endoplasms
  2 giant cockroaches (D:1)
  6 hobgoblins
  A quokka (D:2)
  4 ball pythons
  3 frilled lizards
  3 kobolds
  3 rats
42 creatures vanquished.

Vanquished Creatures (others)
  A kobold (D:2)
1 creature vanquished.

Grand Total: 43 creatures vanquished

Notes
Turn   | Place    | Note
-------+----------+-------------------------------------------
     0 | D:1      | Cthan the Minotaur Fighter began the quest for the Orb.
     0 | D:1      | Reached XP level 1. HP: 19/19 MP: 0/0
   234 | D:1      | Reached skill level 4 in Fighting
   281 | D:1      | Reached XP level 2. HP: 27/27 MP: 1/1
   834 | D:1      | Found a faded altar of an unknown god.
   869 | D:1      | Reached XP level 3. HP: 35/35 MP: 2/2
  1380 | D:2      | Reached skill level 5 in Fighting
  1945 | D:2      | Noticed Sigmund
  1958 | D:2      | Killed Sigmund
  1959 | D:2      | Reached skill level 6 in Fighting
  1959 | D:2      | Reached skill level 1 in Stealth
  1959 | D:2      | Reached XP level 4. HP: 39/44 MP: 3/3
  1959 | D:2      | Reached XP level 5. HP: 44/50 MP: 4/4
  2146 | D:2      | Found a runed translucent door.
  2147 | D:2      | Noticed Crazy Yiuf
  2155 | D:2      | Killed Crazy Yiuf
  2156 | D:2      | Gained mutation: Your system is resistant to poisons.
                  | (rPois) [potion of mutation]
  2157 | D:2      | HP: 1/50 [poisoned by Crazy Yiuf]
  2158 | D:2      | Succumbed to Crazy Yiuf's poison

Illustrated notes

Levels and vault maps discovered:
D:1:      saegor_arrival_simple_d, layout_basic,
          shapermc_ecumenical_altar_mp_urbaneastern, minmay_tetromino_l2
D:2:      layout_loops_corners, uniq_crazy_yiuf_cottage, uniq_sigmund

Skill      XL: |  1  2  3 |
---------------+----------+-----
Fighting       | 4 6 |  6.2
Axes           | 3 |  3.0
Dodging        | 3 |  3.0
Stealth        | 1 |  1.6
Armour         | |  3.6
Shields        | |  3.8

Action                   |  1- 3 |  4- 6 || total
-------------------------+-------+-------++-------
Melee: War axe           |    69 |    13 ||    82
       Headbutt          |     8 |     1 ||     9
  Use: Potion            |       |     3 ||     3
Armor: Scale mail        |    36 |     3 ||    39
Dodge: Dodged            |    32 |     2 ||    34
Block: Buckler           |    20 |     1 ||    21
       Reflection        |     2 |       ||     2

Table legend: (Time is in decaauts)
 A = Elapsed time spent in this place.
 B = Non-inter-level travel time spent in this place.
 C = Inter-level travel time spent in this place.
 D = Time resting spent in this place.
 E = Time spent auto-exploring this place.
 F = Levels seen in this place.
 G = Mean time per level.
                   A        B        C        D        E       F      G
               +--------+--------+--------+--------+--------+-----+--------+
         Total |   2191 |   2161 |     30 |    271 |   1242 |   2 | 1095.5 |
       Dungeon |   2191 |   2161 |     30 |    271 |   1242 |   2 | 1095.5 |
               +--------+--------+--------+--------+--------+-----+--------+

Top non-repeatable levels by time:
     D:1: 1187 daAuts
     D:2: 1003 daAuts
